 Dungeon Crawl Stone Soup version 0.30-a0-918-g0ff054e9dc (webtiles) character file.

Game seed: 8365755735312380830

734 a11behringer the Chopper (level 7, -3/57 (61) HPs)
             Began as a Black Draconian Berserker on Mar 20, 2023.
             Was a Priest of Trog.
             Slain by a wight
             ... wielding a +2 great sword
              (17 damage)
             ... on level 4 of the Dungeon.
             The game lasted 00:08:40 (3860 turns).

a11behringer the Chopper (DrBe)                     Turns: 3860, Time: 00:08:40

HP:   -3/57 (61)    AC:  8    Str: 22    XL:     7   Next: 45%
MP:   7/7           EV: 13    Int: 13    God:    Trog [***...]
Gold: 369           SH:  0    Dex: 10    Spells: 6/6 levels left

rFire   . . .      SeeInvis .    q - +0 war axe
rCold   + . .      Faith    .    (no shield)
rNeg    . . .      Spirit   .    (body armour unavailable)
rPois   .          Reflect  .    i - +1 hat
rElec   +          Rampage  .    (no cloak)
rCorr   .                        d - +0 pair of gloves
Will    .....                    (no boots)
Stlth   +                        (no amulet)
HPRegen 0.29/turn                o - ring of protection from cold
MPRegen 0.10/turn                r - +6 ring of intelligence

@: studying Long Blades, drained
A: breathe lightning, AC +6, unfitting armour, electricity resistance,
cold-blooded
a: Breathe Lightning, Renounce Religion, Berserk, Trog's Hand


You were on level 4 of the Dungeon.
You worshipped Trog.
Trog was most pleased with you.
You visited 1 branch of the dungeon, and saw 4 of its levels.
You also visited: Ossuary.

You collected 369 gold pieces.

Inventory:

Hand Weapons
 a - a +0 hand axe
 m - a +2 spear of flaming
 n - a +0 halberd
 p - a +0 hand axe of venom
 q - a +0 war axe (weapon)
Missiles
 h - 6 javelins (quivered)
Armour
 d - a +0 pair of gloves (worn)
 i - a +1 hat (worn)
Jewellery
 o - a ring of protection from cold (left hand)
 r - a +6 ring of intelligence (right hand)
Wands
 B - a wand of roots (9)
Scrolls
 f - a scroll of enchant weapon {unknown}
 g - a scroll of magic mapping
 k - a scroll of poison {unknown}
 u - a scroll of blinking {unknown}
 y - a scroll of summoning {unknown}
 A - a scroll of fog {unknown}
 C - a scroll of identify
Potions
 b - a potion of haste {unknown}
 c - 3 potions of might
 e - a potion of lignification {unknown}
 j - a potion of attraction {unknown}
 l - 2 potions of brilliance {unknown}
 s - a potion of heal wounds {unknown}
 t - 2 potions of degeneration {unknown}
 v - 4 potions of invisibility {unknown}
 w - 3 potions of curing {unknown}
 x - 2 potions of mutation {unknown}
 z - a potion of resistance {unknown}


   Skills:
 + Level 5.5 Fighting
 * Level 6.6 Axes
 + Level 4.6 Dodging


You had 6 spell levels left.
You didn't know any spells.
Your spell library was empty.

Dungeon Overview and Level Annotations

Branches:
Dungeon (4/15)            Ossuary (visited)
 Temple: D:4-7

Altars:
Kikubaaqudgha


Innate Abilities, Weirdness & Mutations

You can breathe wild blasts of lightning.
Your glossy black scales are hard. (AC +6)
You cannot fit into any form of body armour.
You are resistant to electric shocks. (rElec)
You are cold-blooded and may be slowed by cold attacks.


Message History

You hit the hound zombie.
The hound zombie is heavily damaged.
The hound zombie bites you.
The hound zombie bites you but does no damage.
You slash the hound zombie!
The hound zombie is almost destroyed.
You hit the mummy. The hound zombie misses you. The mummy barely misses you.
The hound zombie closely misses you.
You slash the hound zombie!
You destroy the hound zombie!
Trog accepts your kill.
You barely miss the mummy.
There is an open door here.
You slash the mummy!
The mummy is almost destroyed.
The mummy hits you!
You barely miss the mummy.
The mummy is almost destroyed.
You hit the mummy but do no damage.
The mummy is almost destroyed.
The mummy barely misses you.
You slash the mummy!
You destroy the mummy!
Trog accepts your kill.
There is an open door here.
You open the door.
A wight comes into view. It is wielding a +2 great sword.
The wight completely misses you.
You barely miss the wight.
The wight hits you with a +2 great sword!
You feel drained.
The wight hits you with a +2 great sword!
You hit the wight but do no damage. The wight closely misses you.
You hit the wight but do no damage.
The wight hits you with a +2 great sword.
* * * LOW HITPOINT WARNING * * *
You feel drained.
You closely miss the wight.
The wight hits you with a +2 great sword!
You die...

############## ###
#............###.################
#.##########.##.#................
#.# #.......###.........######
#.# ###############...........
#># #.#.#.#.# #####..##### #.#
######'#'#'#z#+#+#####..# # #.#
#...'.......@....#...#..##### #.#
#.####'#'#'#+#+#+#........... #.#
#.# #_#.#.# ###.##.##..#
#<###.##################.##.##...
#........# #.....##..##.##.##...
#######..# #.#...##..##.##.#....
#..# #..[.)##..##......... #..#
####..##........#)... #..#
#.................


You could see a wight.

Vanquished Creatures
  A centaur (D:4)
  A necrophage (D:4)
  2 water moccasin zombies (D:4)
  A howler monkey (D:4)
  A human zombie (D:4)
  An iguana (D:4)
  Natasha (twice) (D:4)
  Ijyb (D:4)
  A hound zombie (D:4)
  9 mummies
  Robin (D:2)
  4 gnolls (D:3)
  5 adders
  3 worms
  5 orcs
  9 endoplasms
  2 giant cockroaches
  15 goblins
  7 hobgoblins
  3 jackals (D:3)
  8 kobolds
  A quokka (D:3)
  4 ball pythons
  A bat (D:1)
  2 frilled lizards
  2 gnoll zombies (Ossuary)
  4 kobold zombies (Ossuary)
  2 orc zombies (Ossuary)
  5 rats
103 creatures vanquished.

Notes
Turn   | Place    | Note
-------+----------+-------------------------------------------
     0 | D:1      | a11behringer the Draconian Berserker began the quest for
                  | the Orb.
     0 | D:1      | Reached XP level 1. HP: 19/19 MP: 1/1
   212 | D:1      | Found a faded altar of an unknown god.
   256 | D:1      | Reached XP level 2. HP: 26/26 MP: 2/2
   580 | D:2      | Noticed Robin
   590 | D:2      | Killed Robin
   591 | D:2      | Reached XP level 3. HP: 33/33 MP: 3/3
   682 | D:2      | Reached ** piety under Trog
  1087 | D:2      | Reached skill level 4 in Axes
  1482 | D:3      | Reached XP level 4. HP: 22/40 MP: 4/4
  2274 | D:3      | Reached XP level 5. HP: 32/46 MP: 5/5
  2560 | D:4      | Found a sand-covered staircase.
  2574 | Ossuary  | Entered an ossuary
  2675 | Ossuary  | Reached skill level 5 in Axes
  2874 | Ossuary  | Reached XP level 6. HP: 53/53 MP: 6/6
  3168 | D:4      | Reached *** piety under Trog
  3253 | D:4      | Noticed Ijyb
  3266 | D:4      | Killed Ijyb
  3582 | D:4      | Noticed Natasha
  3599 | D:4      | Killed Natasha
  3649 | D:4      | Noticed Natasha
  3654 | D:4      | Reached skill level 5 in Fighting
  3654 | D:4      | Reached skill level 6 in Axes
  3660 | D:4      | Killed Natasha
  3663 | D:4      | Your scales start taking on a glossy black colour.
  3663 | D:4      | Reached XP level 7. HP: 48/61 MP: 7/7
  3663 | D:4      | Gained mutation: You are resistant to electric shocks.
                  | (rElec) [Black Draconian growth]
  3801 | D:4      | Found an ancient bone altar of Kikubaaqudgha.
  3860 | D:4      | Slain by a wight

Illustrated notes

Levels and vault maps discovered:
D:1:      dpeg_arrival_circle_labyrinth_a, layout_rooms,
          dreamdust_ecumenical_altar_grove
D:2:      layout_basic, minmay_misc_feat_alley, uniq_robin
D:3:      layout_loops_corners
D:4:      layout_loops_ring, lemuel_mausoleum_altar_kikubaaqudgha,
          nicolae_ossuary_entry_false_entrances, minmay_manual_monstrance,
          uniq_ijyb, uniq_natasha

Skill      XL: |  1  2  3  4  5  6 |
---------------+-------------------+-----
Dodging        | 3 4 |  4.6
Axes           | 4 5 6 |  6.6
Fighting       | 4 5 |  5.5

Action                     |  1- 3 |  4- 6 |  7- 9 || total
---------------------------+-------+-------+-------++-------
  Melee: Hand axe          |    82 |    27 |       ||   109
         Tailslap          |     9 |    22 |     5 ||    36
         War axe           |       |   166 |    45 ||   211
         Punch             |       |     1 |       ||     1
 Invoke: Berserk           |     2 |       |       ||     2
         Trog's Hand       |     1 |       |       ||     1
    Use: Scroll            |       |     2 |       ||     2
 Armour: Skin              |    25 |    68 |    14 ||   107
  Dodge: Dodged            |    58 |   118 |    22 ||   198

Table legend: (Time is in decaauts)
 A = Elapsed time spent in this place.
 B = Non-inter-level travel time spent in this place.
 C = Inter-level travel time spent in this place.
 D = Time resting spent in this place.
 E = Time spent auto-exploring this place.
 F = Levels seen in this place.
 G = Mean time per level.
                   A        B        C        D        E       F      G
               +--------+--------+--------+--------+--------+-----+--------+
         Total |   3935 |   3757 |    178 |      0 |   3055 |   5 |  787.0 |
       Dungeon |   3506 |   3328 |    178 |      0 |   2726 |   4 |  876.5 |
       Ossuary |    429 |    429 |      0 |      0 |    329 |   1 |  429.0 |
               +--------+--------+--------+--------+--------+-----+--------+

Top non-repeatable levels by time:
     D:3: 1207 daAuts
     D:4: 914 daAuts
     D:2: 834 daAuts
     D:1: 550 daAuts
 Ossuary: 429 daAuts
